 Dungeon Crawl Stone Soup version 0.31-a0-237-g2d982f9f85 (webtiles) character file.

Game seed: 6468772694125458973

23636 cforsyth the Grappler (level 13, -5/121 HPs)
             Began as an Ogre Transmuter on July 12, 2023.
             Was a Priest of Hepliaklqana.
             Killed from afar by a fire giant (23 damage)
             ... with a bolt of fire
             ... on level 11 of the Dungeon.
             The game lasted 00:32:45 (15058 turns).

cforsyth the Grappler (Ogre Transmuter)            Turns: 15058, Time: 00:32:46

Health: -5/121     AC:  2    Str: 17    XL:     13   Next: 8%
Magic:  14/16      EV: 33    Int: 18    God:    Hepliaklqana [***...]
Gold:   602        SH:  0    Dex: 14    Spells: 6/16 levels left

rFire   . .          .
                       - Unarmed
rCold   . . .        (shield currently unavailable)
rNeg    . . .        Q - melded +1 robe {rF+}
rPois   x            e - melded +1 hat of Meosalass {Dex+4}
rElec   .            (cloak currently unavailable)
rCorr   .            (gloves unavailable)
SInv    .            (boots unavailable)
Will    +....        l - amulet "Fuoh" {Rampage Regen+ Stlth+}
Stlth   ++           r - +5 ring of evasion
HPRegen 1.20/turn    y - +5 ring of evasion
MPRegen 0.15/turn

%: rampage
@: spider-form
A: venomous fangs, reduced essence, tiny, unfitting armour, (tough skin 1)
a: End Transformation, Renounce Religion, Recall Ancestor, Ancestor Identity,
Transference


You were on level 11 of the Dungeon.
You worshipped Hepliaklqana.
Hepliaklqana was most pleased with you.
You were a venomous arachnid creature.
You visited 2 branches of the dungeon, and saw 12 of its levels.
You also visited: Sewer, Ossuary, Bailey and Gauntlet.

You collected 602 gold pieces.

Inventory:

Armour
 a - a +1 robe
 e - the +1 hat of Meosalass (melded) {Dex+4}
   (You acquired it on level 7 of the Dungeon)

   Dex:       It affects your dexterity (+4).
 t - +0 acid dragon scales
 Q - a +1 robe of fire resistance (melded)
Magical Staves
 P - the staff "Yganwoucy" {rElec Dex+2 Air}
   (You found it in a Gauntlet)

   [staff of air]

   Base accuracy: +5 Base damage: 5 Base attack delay: 1.2 This weapon's minimum
   attack delay (0.6) is reached at skill level 12.
   Dex:       It affects your dexterity (+2).
   rElec:     It insulates you from electricity.
   Air:       It increases the power of your Air spells.
   It falls into the 'Staves' category.
   It is a two-handed weapon.
Jewellery
 f - an amulet of reflection
 k - the ring "Sudarch" {Contam Fly rPois rC++ Dex-4}
   (You found it in a Gauntlet)

   [ring of flight]

   Dex:       It affects your dexterity (-4).
   rC:        It greatly protects you from cold.
   rPois:     It protects you from poison.
   Fly:       It grants you flight.
   Contam:    It causes magical contamination when unequipped.
 l - the amulet "Fuoh" (around neck) {Rampage Regen+ Stlth+}
   (You found it on level 2 of the Dungeon)

   [amulet of regeneration]

   Regen:     It increases your rate of health regeneration.
   Rampage:   It bestows one free step when moving towards enemies.
   Stlth:     It makes you more stealthy.
 r - a +5 ring of evasion (left front pincers)
 w - an amulet of regeneration
 y - a +5 ring of evasion (right front pincers)
 F - a +4 ring of protection
 M - a +6 ring of intelligence
 N - the dreamdust necklace {Acrobat}
   (You found it in a Gauntlet)

   [amulet of the acrobat]

   It increases your evasion while moving and waiting.
Wands
 v - a wand of roots (14)
 J - a wand of digging (3)
 K - a wand of mindburst (12)
Scrolls
 b - 5 scrolls of fog
 g - a scroll of blinking
 i - 2 scrolls of teleportation {unknown}
 j - 3 scrolls of enchant armour
 s - 3 scrolls of silence {unknown}
 u - 2 scrolls of fear {unknown}
 z - a scroll of torment {unknown}
 A - a scroll of brand weapon {unknown}
 B - a scroll of vulnerability
 C - a scroll of amnesia {unknown}
 D - 2 scrolls of revelation
 E - a scroll of poison {unknown}
 H - a scroll of summoning {unknown}
 O - 3 scrolls of immolation {unknown}
Potions
 c - 7 potions of curing
 d - 3 potions of magic {unknown}
 h - 4 potions of enlightenment
 m - 2 potions of resistance
 n - 3 potions of haste
 o - 2 potions of might
 p - 2 potions of mutation
 q - a potion of cancellation {unknown}
 x - 2 potions of attraction {unknown}
 G - a potion of brilliance {unknown}
 I - a potion of invisibility {unknown}
 L - a potion of lignification


   Skills:
 + Level 10.4 Fighting
 + Level 7.4 Dodging
 * Level 13.7 Unarmed Combat
 - Level 2.4 Spellcasting
 * Level 10.8 Transmutations


You had 6 spell levels left.
You knew the following spells:

 Your Spells              Type           Power      Damage    Failure   Level
a - Beastly Appendage     Tmut           82%        N/A       2%          1
b - Wereblood             Tmut           41%        N/A       2%          2
c - Spider Form           Tmut/Pois      21%        N/A       16%         3
d - Ice Form              Ice/Tmut       21%        N/A       38%         4

Your spell library contained the following spells:

 Spells                   Type           Power      Damage    Failure   Level
 Blade Hands              Tmut           20%        N/A       17%         5
 Necrotise                Necr           8%         1d4       36%         1
 Ensorcelled Hibernation  Hex/Ice        4%         N/A       47%         2
 Lesser Beckoning         Tloc           4%         N/A       47%         2
 Momentum Strike          Conj/Tloc      4%         3d8       47%         2
 Dazzling Flash           Conj/Hex       4%         N/A       67%         3
 Inner Flame              Hex/Fire       2%         N/A       67%         3
 Ozocubu's Armour         Ice            2%         N/A       67%         3
 Portal Projectile        Hex/Tloc       4%         N/A       67%         3
 Stone Arrow              Conj/Erth      4%         3d7       67%         3
 Tukima's Dance           Hex            2%         N/A       67%         3
 Vhi's Electric Charge    Tloc/Air       4%         N/A       67%         3
 Yara's Violent Unravell  Hex/Tmut       10%        3d6       67%         5
 Anguish                  Hex/Necr       1%         N/A       95%         4
 Animate Armour           Summ/Erth      4%         N/A       95%         4
 Agony                    Necr           2%         N/A       100%        5
 Metabolic Englaciation   Hex/Ice        1%         N/A       100%        5
 Silence                  Hex/Air        1%         N/A       100%        5
 Simulacrum               Ice/Necr       1%         N/A       100%        6
 Enfeeble                 Hex            1%         N/A       100%        7
 Ozocubu's Refrigeration  Ice            1%         4d7       100%        7
 Disjunction              Tloc           1%         N/A       100%        8
 Lehudib's Crystal Spear  Conj/Erth      1%         10d2      100%        8
 Polar Vortex             Ice            1%         N/A       100%        9


Dungeon Overview and Level Annotations

Branches:
Dungeon (11/15)            Temple (1/1) D:4            Lair (0/5) D:9
    Orc (0/2) D:9           Sewer (visited)         Ossuary (visited)
 Bailey (visited)         Gauntlet (visited)

Altars:
Ashenzari
Cheibriados
Dithmenos
Elyvilon
Fedhas
Gozag
Hepliaklqana
Makhleb
Nemelex Xobeh
Okawaru
Qazlal
Sif Muna
Trog
Uskayaw
Wu Jian
Xom
Zin

Shops:
D:3 ?


Innate Abilities, Weirdness & Mutations

You are a venomous arachnid creature.
You have venomous fangs.
You are tiny and dextrous.
Your spellcasting is less reliable in this form.
Your armour is entirely melded.
You are incapable of wielding weapons or throwing items.
Your life essence is reduced to manifest your ancestor. (-10% HP)
You are too large for most types of armour.
((You have tough skin. (AC +1)))


Message History

A fire giant is nearby!
Found a runed scale mail.
Casting: Beastly Appendage (safe; 1% risk of failure)
Confirm with . or Enter, or press ? or * to list all spells.
You turn into a venomous arachnid creature.
The +1 hat of Meosalass {Dex+4} melds into your body.
Your +1 robe of fire resistance melds into your body.
You feel less resistant to fire.
The fire giant shouts!
You rampage towards the fire giant!
You maul the fire giant!!
The fire giant looks as sick as possible!
The fire giant is lightly wounded.
The fire giant hits you with a +0 great sword of flaming!!
The fire giant burns you.
You hit the fire giant but do no damage.
The fire giant is lightly wounded.
Impisi completely misses the fire giant.
The fire giant gestures at you while chanting.
The fireball explodes!
The fireball engulfs you!!!
The fireball engulfs Impisi!
Impisi resists.
The fireball engulfs the fire giant.
The fire giant resists.
You bite the fire giant!
The fire giant looks as sick as possible!
The fire giant is moderately wounded.
The fire giant points at you and mumbles some strange words.
The fireball explodes!
The fireball engulfs you!!
* * * LOW HITPOINT WARNING * * *
The fireball engulfs Impisi!!
Impisi resists.
The fireball engulfs the fire giant!
The fire giant resists.
You bite the fire giant!
The fire giant looks as sick as possible!
The fire giant is heavily wounded.
Impisi hits the fire giant with a +0 flail.
You hit the fire giant.
The fire giant looks as sick as possible!
The fire giant is severely wounded.
The fire giant points at you and mumbles some strange words.
The bolt of fire hits you!!
You die...

######.# #..# #......##...
#......# #..####......##...
#.###### #..............### #.#
#..#####......###. #.##
####***########*## #..#######
#[#,,,,+,,,^,,,,,, ##.#......#
#.#,,,,#####,,,,,* ##..R#.(.#.#
#C##,,##...##,,,**
##.#.###..#.###sR#,,#.....#,,,*,
##.#### ##.....#..##,#.....#,,,*,
#...## ##..#####...###'#R.^#*+**,
.....###.#.# ###.#.....#..##,,,**
....#.#.##.###.#.#.....#'##,,,,,#
>#.##..###.##..#.##...##..+,,,,,+
.####.####.##..#..##..#...#,,,,,#
.# #.# #......#..,..##.#.##,,,##
.# #.###..###.#...###..#..#####.


You could see the friendly Impisi the knight and a fire giant (extremely
poisoned, ally target).

Vanquished Creatures
  A fire giant (D:11)
  A minotaur (Gauntlet)
  An ettin (shapeshifter) (D:11)
  An ogre mage (D:11)
  A hydra (D:9)
  A boulder beetle (D:9)
  A hell hog (Gauntlet)
  3 two-headed ogres
  A sixfirhy (Gauntlet)
  Nergalle (D:11)
  An orc knight (Bailey)
  A deep elf pyromancer (D:11)
  A gargoyle (D:11)
  A smoke demon (Gauntlet)
  A rime drake (shapeshifter) (D:11)
  4 kobold demonologists
  A komodo dragon (D:11)
  Grinder (D:5)
  A hornet (D:9)
  20 yaks
  2 wraiths
  A shadow (D:9)
  4 fire bats (Gauntlet)
  Menkaure (D:7)
  A vampire mosquito (D:8)
  A steam dragon (D:10)
  2 acid dragons
  2 water moccasins
  2 hell hounds (Gauntlet)
  2 ice beasts
  2 black bears
  8 orc warriors
  A sky beast (D:7)
  2 ogres
  7 centaurs
  3 phantoms
  14 kobold brigands
  A bullfrog (D:6)
  A gnoll sergeant (D:6)
  A scorpion (D:5)
  5 wights
  14 killer bees
  3 howler monkeys
  2 crimson imps (Gauntlet)
  2 hounds
  A gnoll bouda (D:7)
  3 jellies (D:5)
  3 orc priests
  6 iguanas
  3 sleepcaps
  8 orc wizards
  3 mummies (Ossuary)
  12 gnolls
  4 adders
  4 ufetubi
  An adder zombie (Ossuary)
  3 dart slugs
  36 orcs
  6 endoplasms
  5 giant cockroaches
  A gnoll zombie (Ossuary)
  12 goblins
  13 hobgoblins
  42 kobolds
  6 quokkas
  9 ball pythons
  6 bats
  3 frilled lizards (D:1)
  2 goblin zombies (Ossuary)
  3 hobgoblin zombies (Ossuary)
  3 kobold zombies (Ossuary)
  2 orc zombies (Ossuary)
  4 quokka zombies (Ossuary)
  10 rats
  2 rat zombies (Ossuary)
344 creatures vanquished.

Vanquished Creatures (collateral kills)
  A centaur warrior (D:11)
  A two-headed ogre (D:9)
  A deep elf pyromancer (D:11)
  A troll (D:10)
  A hornet (D:11)
  A vampire mosquito (D:8)
  A water moccasin (D:8)
  A boggart (D:9)
  A bullfrog (D:9)
  A howler monkey (D:7)
  A crimson imp (Gauntlet)
  A goblin (D:7)
  A kobold (D:7)
13 creatures vanquished.

Vanquished Creatures (others)
  A kobold demonologist (D:10)
  3 knights
4 creatures vanquished.

Grand Total: 361 creatures vanquished

Notes
Turn   | Place    | Note
-------+----------+-------------------------------------------
     0 | D:1      | cforsyth the Ogre Transmuter began the quest for the Orb.
     0 | D:1      | Reached XP level 1. HP: 19/19 MP: 3/3
   149 | D:1      | Reached skill level 3 in Unarmed Combat
   216 | D:1      | Reached XP level 2. HP: 9/27 MP: 3/5
   685 | D:1      | Reached XP level 3. HP: 28/33 MP: 4/6
  1256 | D:2      | Identified the +12 long sword of Siahag {drain, rC- rCorr
                  | Str+5 Int-4}
  1428 | D:2      | Reached skill level 4 in Unarmed Combat
  1772 | D:2      | Reached XP level 4. HP: 24/41 MP: 4/7
  1913 | D:2      | Identified the amulet "Fuoh" {Rampage Regen+ Stlth+}
  2214 | D:3      | Found a faded altar of an unknown god.
  2219 | D:3      | Identified the +2 dagger of Triumph {protect, rC+ Int+4}
  2244 | D:3      | Got Plato's Tome of Corpses
  2397 | D:3      | Found Mieluh's Magic Scroll Emporium.
  2426 | D:3      | Found a glowing drain.
  2430 | Sewer    | Entered a sewer
  2460 | Sewer    | Noticed a kobold brigand
  2460 | Sewer    | Noticed a kobold brigand
  2460 | Sewer    | Noticed a kobold brigand
  2481 | Sewer    | Learned a level 2 spell: Wereblood
  2494 | Sewer    | Killed a kobold brigand
  2495 | Sewer    | Reached skill level 5 in Unarmed Combat
  2495 | Sewer    | Reached XP level 5. HP: 26/48 MP: 4/8
  2496 | Sewer    | Killed a kobold brigand
  2497 | Sewer    | Reached XP level 6. HP: 35/55 MP: 5/9
  2505 | Sewer    | Reached skill level 6 in Unarmed Combat
  2542 | Sewer    | Learned a level 3 spell: Spider Form
  3601 | D:4      | Reached skill level 7 in Unarmed Combat
  3601 | D:4      | Reached XP level 7. HP: 62/62 MP: 10/10
  3693 | D:4      | Found an opulent altar of Gozag.
  3693 | D:4      | Found a sparkling altar of Nemelex Xobeh.
  3905 | D:4      | Found a staircase to the Ecumenical Temple.
  4031 | D:5      | Entered Level 5 of the Dungeon
  4101 | D:5      | Noticed Grinder
  4105 | D:5      | Reached skill level 8 in Unarmed Combat
  4124 | D:5      | Paralysed by Grinder for 4 turns
  4133 | D:5      | Paralysed by Grinder for 4 turns
  4142 | D:5      | Killed Grinder
  4143 | D:5      | Reached XP level 8. HP: 64/70 MP: 4/11
  4217 | D:5      | Reached skill level 9 in Unarmed Combat
  4286 | D:5      | Found a sand-covered staircase.
  4295 | Ossuary  | Entered an ossuary
  4355 | Ossuary  | Learned a level 4 spell: Ice Form
  5415 | Temple   | Entered the Ecumenical Temple
  5423 | Temple   | Became a worshipper of Hepliaklqana the Forgotten
  5510 | D:5      | Reached XP level 9. HP: 13/83 MP: 2/12
  5996 | D:6      | Reached skill level 10 in Unarmed Combat
  6068 | D:6      | Identified the +6 spear "Ipoasupn" {protect, *Corrode rN++
                  | Int+5}
  6303 | D:6      | Identified the +0 dagger of Chagrin {antimagic, rPois rN++
                  | Str-3}
  6442 | D:6      | Reached * piety under Hepliaklqana
  6775 | D:7      | Found a flagged portal.
  6793 | D:7      | Reached skill level 5 in Transmutations
  6816 | Bailey   | Entered a bailey
  7093 | Bailey   | Reached skill level 5 in Fighting
  7755 | Bailey   | Noticed an orc knight
  7757 | Bailey   | Identified the +3 bardiche of the Arena {heavy, rN+ SInv}
  7760 | Bailey   | Reached XP level 10. HP: 55/86 MP: 6/13
  7764 | Bailey   | Killed an orc knight
  8084 | D:7      | Acquired the +1 hat of Meosalass {Dex+4}
  8637 | D:7      | Found a broken altar of Ashenzari.
  8725 | D:7      | You fall into a shaft and drop 2 floors!
  8768 | D:9      | Found a staircase to the Lair.
  8810 | D:9      | Reached ** piety under Hepliaklqana
  8820 | D:9      | Noticed a five-headed hydra
  8829 | D:9      | Killed a five-headed hydra
  8830 | D:9      | Reached skill level 11 in Unarmed Combat
  8854 | D:9      | Found a staircase to the Orcish Mines.
  9063 | D:9      | Found a bloodstained altar of Trog.
  9243 | D:7      | Remembered your ancestor Impisi as a knight
  9266 | D:7      | Noticed Menkaure
  9270 | D:7      | Killed Menkaure
  9271 | D:7      | Reached skill level 5 in Dodging
  9649 | D:8      | Reached XP level 11. HP: 98/98 MP: 9/14
 10173 | D:8      | Found a hide-covered altar of Uskayaw.
 10527 | D:9      | Noticed a two-headed ogre
 10535 | D:9      | Killed a two-headed ogre
 10699 | D:9      | Noticed a boulder beetle
 10700 | D:9      | Noticed a two-headed ogre
 10713 | D:9      | Paralysed by a hornet for 2 turns
 10714 | D:9      | Killed a boulder beetle
 10715 | D:9      | Reached skill level 12 in Unarmed Combat
 10718 | D:9      | Killed a two-headed ogre
 10800 | D:9      | Got the Precepts of Exhibitionism
 11138 | D:10     | Entered Level 10 of the Dungeon
 11460 | D:10     | Noticed a two-headed ogre
 11463 | D:10     | Killed a two-headed ogre
 11465 | D:10     | Found a burning altar of Makhleb.
 11691 | D:10     | Reached *** piety under Hepliaklqana
 11734 | D:10     | Noticed a sixfirhy
 11736 | D:10     | Noticed a soul eater
 11782 | D:10     | Reached XP level 12. HP: 109/109 MP: 11/15
 11839 | D:10     | Found a glowing silver altar of Zin.
 11850 | D:10     | Found a white marble altar of Elyvilon.
 11892 | D:10     | Noticed a two-headed ogre
 11900 | D:10     | Killed a two-headed ogre
 12371 | D:11     | Noticed Nergalle
 12382 | D:11     | Killed Nergalle
 12394 | D:11     | Found a gate leading to a gauntlet.
 12409 | Gauntlet | Entered a Gauntlet
 12409 | Gauntlet | Found a transporter.
 12486 | Gauntlet | Found a transporter.
 12501 | Gauntlet | Found a transporter.
 12503 | Gauntlet | Found a large runed translucent door.
 12504 | Gauntlet | Found a large runed translucent door.
 12505 | Gauntlet | Found a large runed translucent door.
 12505 | Gauntlet | Found a large runed translucent door.
 12505 | Gauntlet | Found a runed translucent door.
 12506 | Gauntlet | Found a transporter.
 12507 | Gauntlet | Found a runed translucent door.
 12508 | Gauntlet | Found a large runed translucent door.
 12508 | Gauntlet | Found a large runed translucent door.
 12509 | Gauntlet | Found a large runed translucent door.
 12510 | Gauntlet | Found a large runed translucent door.
 12516 | Gauntlet | Found a large runed translucent door.
 12516 | Gauntlet | Found a large runed translucent door.
 12517 | Gauntlet | Found a large runed translucent door.
 12517 | Gauntlet | Found a large runed translucent door.
 12518 | Gauntlet | Found a large runed translucent door.
 12518 | Gauntlet | Found a large runed translucent door.
 12519 | Gauntlet | Found a runed translucent gate.
 12519 | Gauntlet | Found a runed translucent gate.
 12519 | Gauntlet | Found a runed translucent gate.
 12521 | Gauntlet | Found a transporter.
 12521 | Gauntlet | Noticed a cacodemon
 12531 | Gauntlet | Found a large runed translucent door.
 12532 | Gauntlet | Found a large runed translucent door.
 12540 | Gauntlet | Found a transporter.
 12551 | Gauntlet | Noticed a wretched star
 12552 | Gauntlet | Found a transporter.
 12564 | Gauntlet | Found a transporter.
 12576 | Gauntlet | Found a transporter.
 12576 | Gauntlet | Noticed a hell hog
 12578 | Gauntlet | Found the dreamshard necklace {Acrobat *Dream}
 12588 | Gauntlet | Found a transporter.
 12605 | Gauntlet | Found a transporter.
 12623 | Gauntlet | Found a transporter.
 12625 | Gauntlet | Found a transporter.
 12654 | Gauntlet | Found a transporter.
 12654 | Gauntlet | Found a transporter.
 12656 | Gauntlet | Found a transporter.
 12697 | Gauntlet | Found a transporter.
 12701 | Gauntlet | Found a transporter.
 12810 | Gauntlet | Killed a hell hog
 12811 | Gauntlet | Reached skill level 13 in Unarmed Combat
 12995 | Gauntlet | Identified the ring "Sudarch" {Contam Fly rPois rC++ Dex-4}
 13055 | Gauntlet | Noticed a minotaur
 13067 | Gauntlet | Identified the staff "Yganwoucy" {rElec Dex+2 Air}
 13067 | Gauntlet | Identified the +1 halberd "Jeyniw" {venom, rF+}
 13070 | Gauntlet | Killed a minotaur
 13351 | D:11     | Noticed an ogre mage
 13359 | D:11     | Killed an ogre mage
 13450 | D:11     | Reached skill level 10 in Transmutations
 13643 | D:11     | Noticed a centaur warrior
 13648 | D:11     | Noticed a fire giant
 13653 | D:11     | HP: 1/113 [fire giant/+0 great sword of flaming (11)]
 14085 | D:11     | Killed a centaur warrior
 14093 | D:11     | Killed a fire giant
 14427 | D:11     | Reached skill level 10 in Fighting
 14645 | D:11     | a slime creature changed into an ettin
 14645 | D:11     | Noticed an ettin (glowing shapeshifter)
 14646 | D:11     | Killed an ettin
 14844 | D:11     | Reached XP level 13. HP: 119/119 MP: 12/16
 14892 | D:11     | Identified the +1 pair of gloves of Midnight {-Tele +Inv
                  | rF- rC+++}
 14934 | D:11     | Paralysed by a hornet for 1 turns
 15048 | D:11     | Noticed a fire giant
 15058 | D:11     | Killed from afar by a fire giant

Illustrated notes

Levels and vault maps discovered:
D:1:      dpeg_arrival_lava_altar, layout_basic
D:2:      layout_loops_ring, kennysheep_generic_room_2
D:3:      layout_basic, serial_shops, nicolae_shop_pleasant_corner_grove,
          shapermc_ecumenical_altar_rom_forum, gup_sewer_entry_bowl
D:4:      layout_rooms, grunt_temple_overflow_opulence, temple_hall
D:5:      layout_gridville, enter_ossuary_2, uniq_grinder
D:6:      hellmonk_ruined_rings, layout_loops_corners
D:7:      layout_basic, kennysheep_mini, enter_bailey_3, bh_walls_and_bars,
          uniq_menkaure
D:8:      layout_loops_ring, marbit_many_paths, serial_park_tiny_pond
D:9:      nzn_winding_woodlands_three_and_one
          [nzn_winding_woodlands_5x15_garden,
          nzn_winding_woodlands_5x15_longhouse, nzn_winding_woodlands_5x15_eye,
          nzn_winding_woodlands_center_lodge], layout_rooms,
          mainiacjoe_overflow_paths, dpeg_oklobed_lair, orc_0_dummy,
          serial_bayou_lagoon_a
D:10:     layout_basic, amethyst_overflow_temple_binary,
          mainiacjoe_overflow_24_doors
D:11:     minmay_box_of_curves, layout_loops_ring, gauntlet_entry_generic,
          minmay_misc_feat_diagonals, minmay_misc_feat_cross, uniq_nergalle
Temple:   nicolae_temple_two_arcs

Skill      XL: |  1  2  3  4  5  6  7  8  9 10 11 12 |
---------------+-------------------------------------+-----
Unarmed Combat | 3 4 5 7 8 9 10 11 12 13 | 13.7
Transmutations | 3 5 7 9 10 | 10.8
Dodging        | 2 4 5 6 7 |  7.4
Fighting       | 3 5 7 8 10 | 10.4
Spellcasting   | |  2.4

Action                     |  1- 3 |  4- 6 |  7- 9 | 10-12 | 13-15 || total
---------------------------+-------+-------+-------+-------+-------++-------
  Melee: Unarmed           |   111 |   132 |   297 |   437 |    34 ||  1011
         Kick              |    16 |    14 |    27 |     6 |     2 ||    65
         Headbutt          |    16 |     5 |    21 |     5 |     1 ||    48
         Punch             |     1 |     4 |     5 |     4 |       ||    14
   Cast: Beastly Appendage |    34 |    23 |    25 |     5 |     1 ||    88
         Wereblood         |       |     3 |       |     4 |       ||     7
         Spider Form       |       |     2 |    20 |     9 |     1 ||    32
         Ice Form          |       |       |     7 |    38 |       ||    45
 Invoke: Recall Ancestor   |       |       |     1 |       |       ||     1
         Ancestor Life: Kn |       |       |       |     1 |       ||     1
    Use: Potion            |       |     1 |     1 |     9 |       ||    11
         Scroll            |       |       |     8 |     8 |       ||    16
   Stab: Sleeping          |       |     9 |     7 |     1 |       ||    17
         Distracted        |       |       |       |     3 |       ||     3
 Armour: Robe              |    35 |    16 |     6 |    17 |     1 ||    75
         Skin              |       |     9 |    20 |    40 |     1 ||    70
  Dodge: Dodged            |    55 |    74 |   222 |   527 |    17 ||   895

Table legend: (Time is in decaauts)
 A = Elapsed time spent in this place.
 B = Non-inter-level travel time spent in this place.
 C = Inter-level travel time spent in this place.
 D = Time resting spent in this place.
 E = Time spent auto-exploring this place.
 F = Levels seen in this place.
 G = Mean time per level.
                   A        B        C        D        E       F      G
               +--------+--------+--------+--------+--------+-----+--------+
         Total |  14883 |  14387 |    496 |   2731 |   8487 |  16 |  930.2 |
       Dungeon |  11775 |  11288 |    487 |   1114 |   7916 |  11 | 1070.5 |
        Temple |     16 |      8 |      8 |      0 |      0 |   1 |   16.0 |
         Sewer |    727 |    727 |      0 |    247 |    295 |   1 |  727.0 |
       Ossuary |    356 |    356 |      0 |    146 |     78 |   1 |  356.0 |
        Bailey |   1247 |   1247 |      0 |    871 |    123 |   1 | 1247.0 |
      Gauntlet |    759 |    759 |      0 |    353 |     75 |   1 |  759.0 |
               +--------+--------+--------+--------+--------+-----+--------+

Top non-repeatable levels by time:
    D:10: 1592 daAuts
    D:11: 1504 daAuts
  Bailey: 1247 daAuts
     D:6: 1230 daAuts
     D:1: 1217 daAuts
     D:7: 1086 daAuts
     D:8: 1060 daAuts
     D:9: 1001 daAuts
     D:2: 944 daAuts
     D:5: 928 daAuts
Gauntlet: 759 daAuts
   Sewer: 727 daAuts
     D:3: 625 daAuts
     D:4: 582 daAuts
 Ossuary: 356 daAuts
